AoeStats
← biodude

Arena

505872491Analyzed
4v4 RM · 21d ago on Sep 11, 2026· 56m 22s· 8 players
Game mode
Random Map
Map size
Large (8 player)
Population
200
Speed
Normal
Resources
Standard
Victory
Conquest
Starting age
Dark Age
Ending age
Imperial Age
RankedLock teamsTeams togetherTeam positionsShared explorationLock speedFull tech treeHidden civsTurbo modeCheats
Victory
Defeat
🇺🇸 Hindustanis · United States
950
+8
🇬🇧 Georgians · United Kingdom
947
+8
🇲🇽 Armenians · Mexico
941
+9
🇵🇱 Bohemians · Poland
674
+20
🇨🇳 Vietnamese · China
867
-15
🇨🇳 Franks · China
781
-12
🇧🇷 Teutons · Brazil
729
-10
🇮🇱 Khmer · Israel
666
-8
poopinator
10:57 Feudal Age
11:48 Double-Bit Axe
11:55 Horse Collar
15:53 Wheelbarrow
19:22 Castle Age
18:04 Gold Mining
18:08 Stone Mining
21:38 Husbandry
21:48 Bloodlines
23:46 Hand Cart
23:34 Heavy Plow
25:03 Scale Barding Armor
25:09 Forging
25:27 Bow Saw
29:24 Gold Shaft Mining
29:24 Stone Shaft Mining
30:38 Chain Barding Armor
36:12 Imperial Age
36:10 Tusk Swords
36:31 Scale Mail Armor
36:24 Fletching
37:05 Heavy Scorpion
38:08 Bodkin Arrow
38:49 Iron Casting
38:58 Onager
40:26 Ballistics
41:22 Chemistry
45:21 Fortified Wall
45:22 Masonry
45:10 Murder Holes
Mimi
0:43 Loom
13:42 Feudal Age
14:09 Horse Collar
14:16 Double-Bit Axe
14:49 Gold Mining
17:52 Town Watch
19:31 Scale Barding Armor
24:22 Castle Age
25:18 Heavy Plow
25:30 Bow Saw
26:56 Bloodlines
28:42 Wheelbarrow
30:08 Masonry
30:23 Stone Mining
30:46 Town Patrol
31:03 Hand Cart
31:11 Forging
32:57 Chain Barding Armor
33:12 Iron Casting
冷冷的风
11:27 Feudal Age
12:43 Wheelbarrow
11:55 Double-Bit Axe
17:51 Castle Age
19:19 Hand Cart
20:53 Bow Saw
21:49 Stone Mining
21:59 Gold Mining
24:39 Gold Shaft Mining
27:58 Forging
27:53 Scale Barding Armor
30:40 Iron Casting
30:26 Chain Barding Armor
31:03 #83
30:49 Husbandry
32:09 Loom
34:57 Imperial Age
32:15 Town Watch
36:53 Conscription
36:34 Chivalry
36:17 Cavalier
38:04 Blast Furnace
37:40 Plate Barding Armor
37:36 Paladin
39:49 Fortified Wall
1120693432
5:58 Loom
13:28 Feudal Age
17:51 Castle Age
16:13 Double-Bit Axe
16:26 Horse Collar
17:04 Stone Mining
17:46 Gold Mining
25:10 Bow Saw
31:40 Fortified Wall
32:56 Heavy Plow
39:15 Stone Shaft Mining
44:10 Imperial Age
46:27 Two-Man Saw
46:00 Crop Rotation
Doofus
10:35 Feudal Age
11:06 Double-Bit Axe
11:03 Horse Collar
16:42 Castle Age
18:06 Heavy Plow
18:20 Bow Saw
18:57 Wheelbarrow
18:08 Town Watch
21:23 Stone Mining
21:40 Loom
21:50 Gold Mining
22:45 Fervor
23:45 Fletching
24:49 Forging
25:01 Hand Cart
26:43 Sanctity
30:50 Imperial Age
29:03 Ballistics
28:46 Husbandry
29:46 Bloodlines
30:19 Svan Towers
30:24 Murder Holes
31:18 Iron Casting
32:08 Stone Shaft Mining
33:06 Blast Furnace
32:45 Conscription
33:48 Chemistry
33:21 Crop Rotation
33:02 Town Patrol
33:03 Elite Monaspa
35:20 Scale Barding Armor
35:11 Bodkin Arrow
37:02 Chain Barding Armor
36:43 Bracer
36:57 Siege Engineers
37:03 Masonry
39:51 Plate Barding Armor
39:29 Fortified Wall
39:05 Arrowslits
39:51 Architecture
40:12 Aznauri Cavalry
41:00 Aznauri Cavalry
43:25 Treadmill Crane
51:55 Onager
coran
14:40 Feudal Age
15:11 Double-Bit Axe
16:05 Wheelbarrow
16:01 Loom
19:01 Horse Collar
25:19 Castle Age
24:05 Padded Archer Armor
23:56 Fletching
24:07 Scale Mail Armor
24:18 Forging
26:23 Bow Saw
28:54 Chain Mail Armor
28:55 Leather Archer Armor
29:45 Fervor
30:44 Heavy Plow
32:18 Chemistry
31:31 Fortified Wall
36:06 Imperial Age
34:03 Squires
33:23 Pikeman
35:07 Hand Cart
35:12 Arson
35:23 Town Watch
35:37 Murder Holes
35:53 Masonry
36:05 Ballistics
36:27 Wagenburg Tactics
37:31 Siege Engineers
37:58 Conscription
40:18 Architecture
44:50 Plate Mail Armor
44:46 Caravan
48:45 Houfnice
50:08 Halberdier
50:37 Town Watch
51:06 Scale Barding Armor
51:46 Ring Archer Armor
51:11 Bodkin Arrow
51:52 Iron Casting
52:53 Chain Barding Armor
51:56 Elite Hussite Wagon
52:41 Town Patrol
52:03 Man-at-Arms
52:09 Crossbowman
52:20 Elite Skirmisher
53:40 Heavy Scorpion
53:41 Onager
53:42 Capped Ram
54:27 Bracer
55:01 Coinage
54:43 Guilds
54:01 Long Swordsman
57:07 Hussite Reforms
biodude
4:05 Loom
10:42 Feudal Age
15:38 Castle Age
14:32 Stone Mining
14:48 Double-Bit Axe
14:54 Double-Bit Axe
21:28 Gold Mining
24:17 Fletching
26:11 Wheelbarrow
27:12 Bodkin Arrow
29:41 Horse Collar
31:07 Padded Archer Armor
31:24 Bow Saw
35:18 Hand Cart
37:44 Leather Archer Armor
37:49 Heavy Plow
40:21 Forging
40:15 Pikeman
41:02 Scale Mail Armor
41:57 Squires
42:34 Iron Casting
45:00 Halberdier
45:59 Chain Mail Armor
51:23 Fervor
54:56 Imperial Age
imbestthanku
10:41 Feudal Age
15:15 Castle Age
13:47 Double-Bit Axe
14:11 Horse Collar
19:04 Bow Saw
20:38 Heavy Plow
21:47 Gold Mining
22:21 Stone Mining
23:19 Wheelbarrow
22:31 Loom
25:43 Gold Shaft Mining
28:08 Imperial Age
27:39 Hand Cart
27:28 Scale Mail Armor
27:38 Forging
27:33 Scale Barding Armor
27:19 Fletching
27:52 Ballistics
27:37 Town Watch
29:59 Two-Man Saw
30:03 Chemistry
29:08 Siege Engineers
29:41 Conscription
30:12 Squires
29:57 Arson
31:13 Grand Trunk Road
31:28 Bloodlines
31:18 Husbandry
31:04 Heavy Camel Rider
31:49 Town Patrol
33:09 Chain Barding Armor
35:04 Imperial Camel Rider
36:35 Iron Casting
36:52 Plate Barding Armor
45:11 Blast Furnace
47:53 Spies/Treason
51:29 Onager
52:58 Redemption
52:20 Onager
Connection lost

Rejoining the realm…

Still unreachable

The connection could not be restored.

Session expired

The server has moved on; the page needs a fresh start.